[ AOE2 MATCH · #477786165 ]
UnrankedGurjaras vs Dravidians
[ REPLAY ANALYSIS · EXTRACTED FROM THE RECORDED GAME ]
Feudal
10:31
Castle
15:33
Imperial
30:03
| APM avg | 21.6 |
| APM peak | 42 |
| eAPM avg | 16.8 |
| Villagers / military | 138 / 574 |
Focus
⚔️ 44.9% · 🌾 55.1%
Scout Cavalry ×273 · Hand Cannoneer ×124 · Camel Scout ×79 · Chakram Thrower ×52 · Bombard Cannon ×24 · Skirmisher ×10
Feudal
11:36
Castle
15:18
Imperial
33:43
| APM avg | 19.1 |
| APM peak | 43 |
| eAPM avg | 17.1 |
| Villagers / military | 149 / 925 |
Focus
⚔️ 44.5% · 🌾 55.5%
Skirmisher ×451 · Spearman ×382 · Elephant Archer ×78 · Trebuchet (Packed) ×9 · Militia ×5
Feudal
11:46
Castle
15:34
Imperial
31:18
| APM avg | 35.5 |
| APM peak | 92 |
| eAPM avg | 20.5 |
| Villagers / military | 175 / 329 |
Focus
⚔️ 28.5% · 🌾 71.5%
Spearman ×171 · Archer ×141 · Trebuchet (Packed) ×7 · Scorpion ×4 · Monk ×3 · Mangonel ×3
Feudal
10:33
Castle
14:10
Imperial
33:03
| APM avg | 26.1 |
| APM peak | 61 |
| eAPM avg | 16.4 |
| Villagers / military | 200 / 215 |
Focus
⚔️ 24.1% · 🌾 75.9%
Spearman ×126 · Skirmisher ×61 · Hussite Wagon ×16 · Bombard Cannon ×4 · Monk ×3 · Petard ×2
Feudal
12:24
Castle
15:56
Imperial
29:52
| APM avg | 47.0 |
| APM peak | 123 |
| eAPM avg | 35.5 |
| Villagers / military | 154 / 554 |
Focus
⚔️ 57.1% · 🌾 42.9%
Knight ×504 · Battering Ram ×18 · Scout Cavalry ×15 · Petard ×8 · Obuch ×6 · Trebuchet (Packed) ×3
Feudal
11:18
Castle
14:50
Imperial
29:40
| APM avg | 33.3 |
| APM peak | 53 |
| eAPM avg | 24.0 |
| Villagers / military | 174 / 500 |
Focus
⚔️ 48.9% · 🌾 51.1%
Spearman ×354 · Scorpion ×99 · Battering Ram ×37 · Trebuchet (Packed) ×7 · Monk ×2 · Mangonel ×1
Feudal
11:47
Castle
15:18
Imperial
27:54
| APM avg | 25.2 |
| APM peak | 56 |
| eAPM avg | 16.2 |
| Villagers / military | 229 / 310 |
Focus
⚔️ 27.4% · 🌾 72.6%
Skirmisher ×140 · Samurai ×105 · Trade Cart ×34 · Spearman ×30 · Militia ×25 · Battering Ram ×7
Feudal
10:37
Castle
14:05
Imperial
30:03
| APM avg | 24.7 |
| APM peak | 67 |
| eAPM avg | 16.9 |
| Villagers / military | 219 / 706 |
Focus
⚔️ 32.9% · 🌾 67.1%
Knight ×402 · Spearman ×166 · Skirmisher ×85 · Archer ×48 · Scout Cavalry ×5 · Trade Cart ×2
Match map
Initial resources + every placement click. Lines = walls · curves = elevation contours. ◆ gold · ⬟ stone · ● berries · ✦ relic · ◌ wall gap
Your base· ✓ Closed at 15:33 · 0t walls · 2 gate(s)
Ezeky's base· ✓ Closed at 15:18 · 0t walls · 2 gate(s)
SoldierBoy's base· ✓ Closed at 15:34 · 0t walls · 3 gate(s)
Lord BELO's base· ✓ Closed at 14:10 · 0t walls · 2 gate(s)
vivero's base· ✓ Closed at 15:56 · 0t walls · 2 gate(s)
TIRA-ONDA's base· ✓ Closed at 14:50 · 0t walls · 3 gate(s)
super dark's base· ✓ Closed at 15:18 · 0t walls · 2 gate(s)
S K Y's base· ✓ Closed at 14:05 · 0t walls · 3 gate(s)
Smoothed initial terrain · ◌ = detected wall gap · hover for details
Inputs per minute
— Carter Mc - - Ezeky
Build order — Carter Mc
First 150 of 632 actions detected
| 0:01 | Create | Villager (Male) |
| 0:02 | Create | Villager (Male) |
| 0:02 | Create | Villager (Male) |
| 0:05 | Build | House |
| 0:06 | Build | House |
| 0:09 | Create | Villager (Male) |
| 0:33 | Build | Mill |
| 1:33 | Create | Villager (Male) |
| 1:33 | Create | Villager (Male) |
| 1:57 | Create | Villager (Male) |
| 1:57 | Create | Villager (Male) |
| 2:23 | Create | Villager (Male) |
| 2:24 | Create | Villager (Male) |
| 2:49 | Create | Villager (Male) |
| 2:49 | Create | Villager (Male) |
| 3:11 | Create | Villager (Male) |
| 3:11 | Create | Villager (Male) |
| 3:11 | Create | Villager (Male) |
| 3:48 | Build | House |
| 3:56 | Create | Villager (Male) |
| 3:56 | Create | Villager (Male) |
| 3:56 | Create | Villager (Male) |
| 3:56 | Create | Villager (Male) |
| 3:57 | Create | Villager (Male) |
| 4:14 | Create | Villager (Male) |
| 4:14 | Create | Villager (Male) |
| 4:14 | Create | Villager (Male) |
| 4:31 | Build | Lumber Camp |
| 5:05 | Create | Villager (Male) |
| 5:05 | Create | Villager (Male) |
| 5:05 | Create | Villager (Male) |
| 5:43 | Build | House |
| 6:26 | Create | Villager (Male) |
| 6:27 | Create | Villager (Male) |
| 6:29 | Create | Villager (Male) |
| 7:05 | Build | Mill |
| 7:14 | Create | Villager (Male) |
| 7:39 | Build | Mining Camp |
| 7:46 | Create | Villager (Male) |
| 8:09 | Research | Feudal Age |
| 8:51 | Build | House |
| 9:03 | Create | Villager (Male) |
| 9:03 | Create | Villager (Male) |
| 10:31 | Age | Feudal Age |
| 10:36 | Build | Blacksmith |
| 10:41 | Build | Market |
| 11:33 | Create | Villager (Male) |
| 11:37 | Create | Villager (Male) |
| 11:46 | Research | Double-Bit Axe |
| 11:56 | Build | Farm |
| 11:57 | Build | Farm |
| 11:59 | Build | Farm |
| 12:28 | Create | Villager (Male) |
| 12:32 | Build | House |
| 12:33 | Research | Castle Age |
| 12:57 | Build | Farm |
| 13:23 | Build | Farm |
| 13:24 | Build | Farm |
| 14:28 | Create | Villager (Male) |
| 14:28 | Create | Villager (Male) |
| 15:33 | Age | Castle Age |
| 15:39 | Build | Town Center |
| 15:47 | Build | Town Center |
| 16:02 | Create | Villager (Male) |
| 16:02 | Create | Villager (Male) |
| 16:30 | Create | Villager (Male) |
| 16:30 | Create | Villager (Male) |
| 16:54 | Create | Villager (Male) |
| 16:58 | Create | Villager (Male) |
| 17:08 | Research | Horse Collar |
| 17:13 | Create | Villager (Male) |
| 17:14 | Create | Villager (Male) |
| 17:19 | Build | Monastery |
| 17:34 | Create | Villager (Male) |
| 17:37 | Create | Villager (Male) |
| 17:47 | Build | Farm |
| 17:47 | Build | Farm |
| 17:48 | Build | Farm |
| 17:48 | Build | Farm |
| 17:48 | Build | Farm |
| 17:50 | Create | Monk |
| 17:50 | Create | Monk |
| 17:58 | Create | Villager (Male) |
| 17:58 | Create | Villager (Male) |
| 17:58 | Create | Villager (Male) |
| 17:58 | Create | Villager (Male) |
| 18:10 | Build | Mining Camp |
| 18:11 | Create | Villager (Male) |
| 18:12 | Create | Villager (Male) |
| 18:12 | Create | Villager (Male) |
| 18:13 | Create | Villager (Male) |
| 18:15 | Build | House |
| 18:20 | Build | House |
| 18:21 | Build | House |
| 18:35 | Create | Villager (Male) |
| 18:35 | Create | Villager (Male) |
| 18:35 | Create | Villager (Male) |
| 18:36 | Create | Villager (Male) |
| 18:52 | Build | Farm |
| 18:53 | Build | House |
| 18:54 | Build | House |
| 18:55 | Build | House |
| 18:56 | Create | Villager (Male) |
| 18:56 | Create | Villager (Male) |
| 18:56 | Create | Villager (Male) |
| 19:05 | Build | Farm |
| 19:05 | Create | Villager (Male) |
| 19:06 | Create | Villager (Male) |
| 19:06 | Create | Villager (Male) |
| 19:06 | Create | Villager (Male) |
| 19:25 | Build | Farm |
| 19:28 | Build | Farm |
| 19:31 | Build | House |
| 19:32 | Build | House |
| 19:46 | Build | Farm |
| 19:49 | Build | Farm |
| 20:03 | Build | Farm |
| 20:06 | Build | Farm |
| 20:32 | Build | Farm |
| 20:34 | Build | Farm |
| 20:54 | Build | Town Center |
| 20:55 | Create | Villager (Male) |
| 20:55 | Create | Villager (Male) |
| 20:55 | Create | Villager (Male) |
| 20:56 | Create | Villager (Male) |
| 20:56 | Create | Villager (Male) |
| 21:14 | Build | Farm |
| 21:18 | Create | Villager (Male) |
| 21:18 | Create | Villager (Male) |
| 21:19 | Create | Villager (Male) |
| 21:19 | Create | Villager (Male) |
| 21:19 | Create | Villager (Male) |
| 21:22 | Build | Farm |
| 21:33 | Build | Farm |
| 21:36 | Build | Farm |
| 21:46 | Build | House |
| 21:47 | Build | House |
| 21:48 | Build | House |
| 21:52 | Build | Farm |
| 21:54 | Create | Villager (Male) |
| 21:54 | Create | Villager (Male) |
| 21:54 | Create | Villager (Male) |
| 21:55 | Create | Villager (Male) |
| 21:58 | Build | Farm |
| 21:59 | Create | Villager (Male) |
| 21:59 | Create | Villager (Male) |
| 22:03 | Research | Loom |
| 22:31 | Create | Villager (Male) |
| 22:31 | Create | Villager (Male) |
| 22:31 | Create | Villager (Male) |
Build order — Ezeky
First 150 of 607 actions detected
| 0:01 | Create | Villager (Male) |
| 0:02 | Create | Villager (Male) |
| 0:03 | Build | House |
| 0:05 | Build | House |
| 0:13 | Create | Villager (Male) |
| 0:14 | Create | Villager (Male) |
| 0:14 | Create | Villager (Male) |
| 1:30 | Create | Villager (Male) |
| 1:46 | Build | Lumber Camp |
| 2:01 | Create | Villager (Male) |
| 2:21 | Create | Villager (Male) |
| 2:37 | Build | House |
| 2:46 | Create | Villager (Male) |
| 3:13 | Create | Villager (Male) |
| 4:00 | Create | Villager (Male) |
| 4:21 | Create | Villager (Male) |
| 4:30 | Create | Villager (Male) |
| 5:00 | Build | Mill |
| 5:10 | Create | Villager (Male) |
| 5:11 | Create | Villager (Male) |
| 5:35 | Create | Villager (Male) |
| 5:40 | Build | House |
| 5:49 | Create | Villager (Male) |
| 6:15 | Create | Villager (Male) |
| 6:16 | Create | Villager (Male) |
| 6:17 | Create | Villager (Male) |
| 7:18 | Create | Villager (Male) |
| 7:19 | Create | Villager (Male) |
| 7:28 | Build | House |
| 7:43 | Build | Mill |
| 8:01 | Build | Mining Camp |
| 9:00 | Create | Villager (Male) |
| 9:04 | Research | Feudal Age |
| 10:08 | Build | Lumber Camp |
| 10:20 | Build | Farm |
| 10:51 | Build | House |
| 11:36 | Age | Feudal Age |
| 11:45 | Build | Market |
| 11:54 | Build | Blacksmith |
| 11:59 | Create | Villager (Male) |
| 12:38 | Research | Castle Age |
| 12:43 | Create | Villager (Male) |
| 12:44 | Create | Villager (Male) |
| 12:52 | Research | Double-Bit Axe |
| 12:59 | Build | Farm |
| 13:02 | Build | Farm |
| 13:06 | Build | Farm |
| 13:28 | Research | Horse Collar |
| 13:54 | Research | Gold Mining |
| 14:28 | Create | Villager (Male) |
| 14:31 | Research | Loom |
| 15:18 | Age | Castle Age |
| 15:21 | Build | Town Center |
| 15:28 | Build | Town Center |
| 15:32 | Research | Bow Saw |
| 15:35 | Create | Villager (Male) |
| 15:44 | Build | Farm |
| 15:47 | Build | Farm |
| 16:03 | Build | House |
| 16:04 | Build | House |
| 16:08 | Build | House |
| 16:36 | Build | Farm |
| 16:45 | Create | Villager (Male) |
| 16:45 | Create | Villager (Male) |
| 16:46 | Create | Villager (Male) |
| 16:46 | Create | Villager (Male) |
| 17:03 | Build | Farm |
| 17:09 | Create | Villager (Male) |
| 17:18 | Build | Farm |
| 17:21 | Create | Villager (Male) |
| 17:26 | Build | Farm |
| 17:42 | Build | Farm |
| 17:44 | Create | Villager (Male) |
| 17:48 | Build | House |
| 17:49 | Build | House |
| 17:51 | Build | House |
| 17:57 | Build | Farm |
| 17:58 | Create | Villager (Male) |
| 17:59 | Create | Villager (Male) |
| 18:07 | Create | Villager (Male) |
| 18:14 | Build | Farm |
| 18:29 | Build | Farm |
| 18:33 | Build | Farm |
| 18:34 | Create | Villager (Male) |
| 18:41 | Build | Farm |
| 18:43 | Build | Farm |
| 18:44 | Create | Villager (Male) |
| 19:03 | Build | Town Center |
| 19:06 | Create | Villager (Male) |
| 19:06 | Create | Villager (Male) |
| 19:07 | Create | Villager (Male) |
| 19:11 | Build | Farm |
| 19:18 | Build | House |
| 19:19 | Build | House |
| 19:26 | Create | Villager (Male) |
| 19:27 | Create | Villager (Male) |
| 19:38 | Create | Villager (Male) |
| 19:47 | Build | Farm |
| 19:53 | Build | Farm |
| 19:59 | Build | House |
| 20:04 | Create | Villager (Male) |
| 20:04 | Create | Villager (Male) |
| 20:05 | Create | Villager (Male) |
| 20:05 | Create | Villager (Male) |
| 20:10 | Build | Farm |
| 20:13 | Build | Farm |
| 20:15 | Create | Villager (Male) |
| 20:19 | Create | Villager (Male) |
| 20:24 | Build | Farm |
| 20:30 | Create | Villager (Male) |
| 20:38 | Create | Villager (Male) |
| 20:44 | Create | Villager (Male) |
| 21:02 | Build | Farm |
| 21:08 | Build | House |
| 21:09 | Build | House |
| 21:11 | Build | House |
| 21:12 | Build | House |
| 21:13 | Create | Villager (Male) |
| 21:14 | Create | Villager (Male) |
| 21:14 | Create | Villager (Male) |
| 21:20 | Build | Farm |
| 21:23 | Build | Farm |
| 21:26 | Build | Farm |
| 21:29 | Build | Farm |
| 21:32 | Create | Villager (Male) |
| 21:32 | Create | Villager (Male) |
| 21:36 | Create | Villager (Male) |
| 21:37 | Create | Villager (Male) |
| 22:00 | Research | Wheelbarrow |
| 22:05 | Build | Farm |
| 22:10 | Build | Farm |
| 22:12 | Create | Villager (Male) |
| 22:12 | Create | Villager (Male) |
| 22:13 | Create | Villager (Male) |
| 22:22 | Build | Farm |
| 22:25 | Build | Farm |
| 22:27 | Create | Villager (Male) |
| 22:27 | Create | Villager (Male) |
| 22:33 | Research | Loom |
| 22:34 | Create | Villager (Male) |
| 22:35 | Create | Villager (Male) |
| 22:35 | Create | Villager (Male) |
| 22:54 | Build | Barracks |
| 23:13 | Build | Town Center |
| 23:16 | Create | Villager (Male) |
| 23:17 | Create | Villager (Male) |
| 23:17 | Create | Villager (Male) |
| 23:20 | Build | Farm |
| 23:24 | Build | Farm |
| 23:26 | Create | Villager (Male) |
Build order — SoldierBoy
First 150 of 477 actions detected
| 0:01 | Create | Villager (Male) |
| 0:01 | Create | Villager (Male) |
| 0:02 | Create | Villager (Male) |
| 0:02 | Create | Villager (Male) |
| 0:02 | Create | Villager (Male) |
| 0:04 | Build | House |
| 0:05 | Build | House |
| 1:26 | Create | Villager (Male) |
| 1:26 | Create | Villager (Male) |
| 1:53 | Create | Villager (Male) |
| 1:53 | Create | Villager (Male) |
| 2:17 | Create | Villager (Male) |
| 2:17 | Create | Villager (Male) |
| 2:36 | Create | Villager (Male) |
| 2:37 | Create | Villager (Male) |
| 2:59 | Create | Villager (Male) |
| 2:59 | Create | Villager (Male) |
| 3:25 | Build | House |
| 3:26 | Build | House |
| 3:31 | Build | House |
| 3:35 | Create | Villager (Male) |
| 3:35 | Create | Villager (Male) |
| 3:35 | Create | Villager (Male) |
| 3:39 | Create | Villager (Male) |
| 3:40 | Create | Villager (Male) |
| 3:40 | Create | Villager (Male) |
| 3:57 | Create | Villager (Male) |
| 4:33 | Build | Lumber Camp |
| 4:41 | Create | Villager (Male) |
| 4:42 | Create | Villager (Male) |
| 4:42 | Create | Villager (Male) |
| 5:31 | Create | Villager (Male) |
| 5:31 | Create | Villager (Male) |
| 5:31 | Create | Villager (Male) |
| 5:37 | Create | Villager (Male) |
| 5:37 | Create | Villager (Male) |
| 5:37 | Create | Villager (Male) |
| 5:56 | Build | Mill |
| 6:28 | Create | Villager (Male) |
| 6:28 | Create | Villager (Male) |
| 6:29 | Create | Villager (Male) |
| 6:35 | Create | Villager (Male) |
| 6:35 | Create | Villager (Male) |
| 7:36 | Build | Mill |
| 8:09 | Create | Villager (Male) |
| 9:04 | Research | Feudal Age |
| 10:39 | Build | Farm |
| 10:40 | Build | Farm |
| 10:41 | Build | Farm |
| 10:44 | Build | Farm |
| 10:47 | Build | Farm |
| 11:01 | Build | Farm |
| 11:13 | Create | Villager (Male) |
| 11:46 | Age | Feudal Age |
| 11:50 | Build | Market |
| 11:59 | Build | Blacksmith |
| 12:05 | Build | House |
| 12:10 | Create | Villager (Male) |
| 12:54 | Research | Castle Age |
| 12:54 | Research | Castle Age |
| 13:10 | Research | Double-Bit Axe |
| 13:11 | Create | Villager (Male) |
| 13:39 | Create | Villager (Male) |
| 13:48 | Research | Horse Collar |
| 15:34 | Age | Castle Age |
| 15:38 | Build | Town Center |
| 15:46 | Build | Town Center |
| 15:49 | Research | Bow Saw |
| 15:52 | Research | Heavy Plow |
| 15:54 | Create | Villager (Male) |
| 16:44 | Create | Villager (Male) |
| 16:44 | Create | Villager (Male) |
| 16:44 | Create | Villager (Male) |
| 17:16 | Create | Villager (Male) |
| 17:16 | Create | Villager (Male) |
| 17:16 | Create | Villager (Male) |
| 17:21 | Build | Farm |
| 17:24 | Build | Farm |
| 17:26 | Create | Villager (Male) |
| 17:32 | Build | Farm |
| 17:34 | Build | Farm |
| 17:41 | Build | Farm |
| 17:42 | Create | Villager (Male) |
| 17:42 | Create | Villager (Male) |
| 17:42 | Create | Villager (Male) |
| 17:42 | Create | Villager (Male) |
| 17:43 | Create | Villager (Male) |
| 17:48 | Create | Villager (Male) |
| 17:48 | Create | Villager (Male) |
| 17:49 | Create | Villager (Male) |
| 17:49 | Create | Villager (Male) |
| 17:57 | Build | Monastery |
| 18:06 | Build | Farm |
| 18:12 | Build | Farm |
| 18:15 | Build | Farm |
| 18:15 | Create | Villager (Male) |
| 18:16 | Create | Villager (Male) |
| 18:26 | Create | Villager (Male) |
| 18:26 | Create | Villager (Male) |
| 18:31 | Build | House |
| 18:32 | Build | House |
| 18:39 | Create | Monk |
| 18:48 | Build | House |
| 18:49 | Create | Villager (Male) |
| 18:50 | Create | Villager (Male) |
| 18:55 | Research | Wheelbarrow |
| 18:57 | Create | Villager (Male) |
| 18:57 | Create | Villager (Male) |
| 19:01 | Build | Farm |
| 19:06 | Build | Farm |
| 19:09 | Build | Farm |
| 19:12 | Build | Farm |
| 19:14 | Create | Villager (Male) |
| 19:15 | Create | Villager (Male) |
| 19:19 | Create | Villager (Male) |
| 19:19 | Create | Villager (Male) |
| 19:32 | Build | Farm |
| 19:33 | Create | Villager (Male) |
| 19:33 | Create | Villager (Male) |
| 19:38 | Build | House |
| 19:38 | Build | House |
| 19:39 | Build | House |
| 19:50 | Build | Farm |
| 19:51 | Build | Farm |
| 19:52 | Build | Farm |
| 19:53 | Create | Villager (Male) |
| 19:54 | Create | Villager (Male) |
| 20:01 | Create | Villager (Male) |
| 20:09 | Build | Mill |
| 20:09 | Build | Farm |
| 20:10 | Build | Farm |
| 20:10 | Build | Farm |
| 20:10 | Build | Farm |
| 20:10 | Build | Farm |
| 20:11 | Build | Farm |
| 20:13 | Create | Villager (Male) |
| 20:13 | Create | Villager (Male) |
| 20:14 | Create | Villager (Male) |
| 20:15 | Create | Villager (Male) |
| 20:25 | Build | Farm |
| 20:25 | Build | Farm |
| 20:32 | Build | Farm |
| 20:33 | Build | Farm |
| 20:34 | Create | Villager (Male) |
| 20:34 | Create | Villager (Male) |
| 20:49 | Create | Villager (Male) |
| 20:49 | Create | Villager (Male) |
| 20:50 | Create | Villager (Male) |
| 20:55 | Create | Villager (Male) |
| 20:55 | Create | Villager (Male) |
Build order — Lord BELO
First 150 of 423 actions detected
| 0:01 | Create | Villager (Male) |
| 0:02 | Create | Villager (Male) |
| 0:02 | Create | Villager (Male) |
| 0:02 | Create | Villager (Male) |
| 0:02 | Create | Villager (Male) |
| 0:02 | Create | Villager (Male) |
| 0:02 | Create | Villager (Male) |
| 0:04 | Build | House |
| 0:06 | Build | House |
| 1:40 | Create | Villager (Male) |
| 1:40 | Create | Villager (Male) |
| 2:01 | Build | Lumber Camp |
| 2:05 | Create | Villager (Male) |
| 2:28 | Create | Villager (Male) |
| 2:28 | Create | Villager (Male) |
| 2:28 | Create | Villager (Male) |
| 2:29 | Create | Villager (Male) |
| 2:59 | Create | Villager (Male) |
| 2:59 | Create | Villager (Male) |
| 3:47 | Create | Villager (Male) |
| 3:48 | Create | Villager (Male) |
| 3:48 | Create | Villager (Male) |
| 3:48 | Create | Villager (Male) |
| 3:52 | Build | House |
| 3:52 | Build | House |
| 4:05 | Create | Villager (Male) |
| 4:05 | Create | Villager (Male) |
| 4:54 | Create | Villager (Male) |
| 4:54 | Create | Villager (Male) |
| 4:55 | Create | Villager (Male) |
| 5:11 | Build | Mill |
| 6:07 | Create | Villager (Male) |
| 6:07 | Create | Villager (Male) |
| 6:09 | Create | Villager (Male) |
| 6:11 | Create | Villager (Male) |
| 6:47 | Build | Farm |
| 7:12 | Build | Farm |
| 7:37 | Build | Mining Camp |
| 7:52 | Create | Villager (Male) |
| 8:16 | Research | Feudal Age |
| 8:27 | Build | Farm |
| 9:04 | Build | House |
| 10:16 | Create | Villager (Male) |
| 10:17 | Create | Villager (Male) |
| 10:33 | Age | Feudal Age |
| 10:37 | Build | Market |
| 10:58 | Build | Blacksmith |
| 11:30 | Research | Castle Age |
| 12:32 | Build | Mining Camp |
| 13:22 | Research | Double-Bit Axe |
| 14:09 | Create | Villager (Male) |
| 14:10 | Age | Castle Age |
| 14:12 | Research | Loom |
| 14:14 | Research | Horse Collar |
| 14:24 | Research | Bow Saw |
| 14:33 | Create | Villager (Male) |
| 14:46 | Build | House |
| 14:48 | Build | House |
| 15:00 | Create | Villager (Male) |
| 15:00 | Create | Villager (Male) |
| 15:43 | Build | Castle |
| 15:51 | Build | Farm |
| 15:53 | Build | Farm |
| 15:58 | Create | Villager (Male) |
| 16:14 | Build | Farm |
| 16:18 | Create | Villager (Male) |
| 16:19 | Create | Villager (Male) |
| 16:19 | Create | Villager (Male) |
| 16:42 | Build | Farm |
| 17:24 | Create | Hussite Wagon |
| 17:24 | Create | Hussite Wagon |
| 17:26 | Create | Villager (Male) |
| 17:26 | Create | Villager (Male) |
| 17:49 | Create | Hussite Wagon |
| 17:56 | Build | Farm |
| 18:02 | Build | Farm |
| 18:07 | Build | Farm |
| 18:18 | Build | Lumber Camp |
| 18:25 | Create | Villager (Male) |
| 18:30 | Create | Petard |
| 18:31 | Create | Petard |
| 18:43 | Research | Heavy Plow |
| 18:50 | Build | Farm |
| 18:53 | Build | Farm |
| 18:57 | Build | House |
| 18:58 | Build | House |
| 18:59 | Build | House |
| 19:05 | Create | Villager (Male) |
| 19:05 | Create | Villager (Male) |
| 19:28 | Build | Monastery |
| 19:46 | Create | Villager (Male) |
| 19:47 | Create | Hussite Wagon |
| 20:10 | Create | Hussite Wagon |
| 20:12 | Create | Villager (Male) |
| 20:13 | Create | Villager (Male) |
| 20:49 | Research | Fervor |
| 20:51 | Create | Villager (Male) |
| 20:51 | Create | Villager (Male) |
| 20:51 | Create | Villager (Male) |
| 21:07 | Build | House |
| 21:09 | Create | Monk |
| 21:32 | Create | Hussite Wagon |
| 21:32 | Create | Hussite Wagon |
| 22:07 | Create | Villager (Male) |
| 22:07 | Create | Villager (Male) |
| 22:33 | Create | Hussite Wagon |
| 22:33 | Create | Hussite Wagon |
| 23:07 | Build | Siege Workshop |
| 23:30 | Create | Villager (Male) |
| 23:30 | Create | Villager (Male) |
| 23:42 | Create | Hussite Wagon |
| 23:43 | Create | Hussite Wagon |
| 24:14 | Research | Wheelbarrow |
| 24:15 | Create | Villager (Male) |
| 24:15 | Create | Villager (Male) |
| 24:31 | Create | Mangonel |
| 24:44 | Create | Villager (Male) |
| 24:44 | Create | Villager (Male) |
| 25:12 | Build | Mill |
| 25:13 | Build | Farm |
| 25:13 | Build | Farm |
| 25:14 | Build | Farm |
| 25:14 | Build | Farm |
| 25:14 | Build | Farm |
| 25:14 | Build | Farm |
| 25:14 | Build | Farm |
| 25:15 | Build | Farm |
| 25:15 | Build | Farm |
| 25:15 | Build | Farm |
| 25:15 | Build | Farm |
| 25:16 | Build | Farm |
| 25:16 | Build | Farm |
| 25:16 | Build | Farm |
| 25:17 | Build | Farm |
| 25:17 | Build | Farm |
| 25:23 | Build | Farm |
| 25:24 | Build | Farm |
| 25:24 | Build | Farm |
| 25:24 | Build | Farm |
| 25:24 | Build | Farm |
| 25:25 | Build | Farm |
| 25:25 | Build | Farm |
| 25:25 | Build | Farm |
| 25:25 | Build | Farm |
| 25:25 | Build | Farm |
| 25:26 | Build | Farm |
| 25:26 | Build | Farm |
| 25:26 | Build | Farm |
| 25:32 | Build | Farm |
| 25:39 | Create | Villager (Male) |
Build order — vivero
First 150 of 916 actions detected
| 0:00 | Create | Villager (Male) |
| 0:01 | Create | Villager (Male) |
| 0:01 | Create | Villager (Male) |
| 0:01 | Create | Villager (Male) |
| 0:02 | Create | Villager (Male) |
| 0:04 | Build | House |
| 0:05 | Build | House |
| 1:33 | Create | Villager (Male) |
| 1:33 | Create | Villager (Male) |
| 1:50 | Create | Villager (Male) |
| 1:51 | Create | Villager (Male) |
| 1:54 | Build | Lumber Camp |
| 2:24 | Create | Villager (Male) |
| 2:53 | Create | Villager (Male) |
| 3:03 | Create | Villager (Male) |
| 3:34 | Create | Villager (Male) |
| 3:52 | Build | House |
| 3:53 | Build | House |
| 3:54 | Build | House |
| 4:04 | Create | Villager (Male) |
| 4:05 | Create | Villager (Male) |
| 4:43 | Create | Villager (Male) |
| 4:43 | Create | Villager (Male) |
| 4:47 | Build | Mining Camp |
| 4:54 | Create | Villager (Male) |
| 4:54 | Create | Villager (Male) |
| 5:15 | Create | Villager (Male) |
| 5:44 | Build | Mill |
| 6:03 | Create | Villager (Male) |
| 6:24 | Create | Villager (Male) |
| 6:24 | Create | Villager (Male) |
| 6:31 | Create | Villager (Male) |
| 7:00 | Build | Farm |
| 7:03 | Create | Villager (Male) |
| 7:04 | Create | Villager (Male) |
| 7:22 | Build | Farm |
| 7:23 | Create | Villager (Male) |
| 7:33 | Create | Villager (Male) |
| 7:40 | Create | Villager (Male) |
| 7:47 | Build | Farm |
| 8:05 | Create | Villager (Male) |
| 9:48 | Create | Villager (Male) |
| 9:54 | Build | Farm |
| 10:01 | Research | Feudal Age |
| 10:21 | Build | Farm |
| 10:57 | Build | Mill |
| 11:23 | Create | Villager (Male) |
| 11:23 | Create | Villager (Male) |
| 12:24 | Age | Feudal Age |
| 12:27 | Build | Market |
| 12:34 | Build | Blacksmith |
| 13:03 | Research | Horse Collar |
| 13:16 | Research | Castle Age |
| 13:28 | Research | Double-Bit Axe |
| 15:27 | Create | Villager (Male) |
| 15:27 | Create | Villager (Male) |
| 15:49 | Create | Villager (Male) |
| 15:56 | Age | Castle Age |
| 16:02 | Build | Town Center |
| 16:08 | Build | Town Center |
| 16:10 | Research | Bow Saw |
| 16:34 | Research | Heavy Plow |
| 16:34 | Research | Heavy Plow |
| 16:37 | Create | Villager (Male) |
| 16:37 | Create | Villager (Male) |
| 16:38 | Create | Villager (Male) |
| 16:54 | Create | Villager (Male) |
| 16:55 | Create | Villager (Male) |
| 17:03 | Create | Villager (Male) |
| 17:03 | Create | Villager (Male) |
| 17:03 | Create | Villager (Male) |
| 17:19 | Create | Villager (Male) |
| 17:19 | Create | Villager (Male) |
| 17:20 | Create | Villager (Male) |
| 17:20 | Create | Villager (Male) |
| 17:20 | Create | Villager (Male) |
| 17:21 | Create | Villager (Male) |
| 17:48 | Build | Town Center |
| 17:56 | Create | Villager (Male) |
| 17:57 | Create | Villager (Male) |
| 17:57 | Create | Villager (Male) |
| 18:00 | Build | Farm |
| 18:21 | Create | Villager (Male) |
| 18:21 | Create | Villager (Male) |
| 18:22 | Create | Villager (Male) |
| 18:40 | Build | Town Center |
| 18:42 | Create | Villager (Male) |
| 18:55 | Build | Farm |
| 19:00 | Build | Farm |
| 19:06 | Build | Farm |
| 19:07 | Create | Villager (Male) |
| 19:07 | Create | Villager (Male) |
| 19:08 | Create | Villager (Male) |
| 19:16 | Build | House |
| 19:17 | Build | House |
| 19:18 | Build | House |
| 19:18 | Build | House |
| 19:20 | Build | House |
| 19:21 | Build | House |
| 19:22 | Build | House |
| 19:22 | Build | House |
| 19:22 | Build | House |
| 19:23 | Create | Villager (Male) |
| 19:25 | Create | Villager (Male) |
| 19:26 | Create | Villager (Male) |
| 19:56 | Build | Town Center |
| 19:58 | Create | Villager (Male) |
| 19:58 | Create | Villager (Male) |
| 19:58 | Create | Villager (Male) |
| 20:25 | Research | Loom |
| 20:26 | Create | Villager (Male) |
| 20:26 | Create | Villager (Male) |
| 20:29 | Create | Villager (Male) |
| 20:30 | Create | Villager (Male) |
| 20:39 | Build | Farm |
| 20:48 | Build | Farm |
| 20:48 | Build | Farm |
| 20:48 | Build | Farm |
| 20:49 | Build | Farm |
| 20:49 | Build | Farm |
| 20:49 | Build | Farm |
| 20:51 | Create | Villager (Male) |
| 21:11 | Create | Villager (Male) |
| 21:11 | Create | Villager (Male) |
| 21:15 | Create | Villager (Male) |
| 21:28 | Build | Castle |
| 21:30 | Build | Mining Camp |
| 21:33 | Create | Villager (Male) |
| 21:33 | Create | Villager (Male) |
| 21:34 | Create | Villager (Male) |
| 21:35 | Create | Villager (Male) |
| 21:36 | Create | Villager (Male) |
| 21:38 | Create | Villager (Male) |
| 21:39 | Create | Villager (Male) |
| 21:40 | Create | Villager (Male) |
| 21:46 | Create | Villager (Male) |
| 22:02 | Create | Villager (Male) |
| 22:02 | Create | Villager (Male) |
| 22:10 | Build | Mill |
| 22:10 | Build | Farm |
| 22:11 | Build | Farm |
| 22:11 | Build | Farm |
| 22:11 | Build | Farm |
| 22:12 | Build | Farm |
| 22:12 | Build | Farm |
| 22:12 | Build | Farm |
| 22:12 | Build | Farm |
| 22:13 | Build | Farm |
| 22:13 | Create | Villager (Male) |
| 22:14 | Create | Villager (Male) |
Build order — TIRA-ONDA
First 150 of 535 actions detected
| 0:01 | Create | Villager (Male) ×4 |
| 0:03 | Build | House |
| 0:04 | Build | House |
| 1:34 | Create | Villager (Male) |
| 1:34 | Create | Villager (Male) |
| 1:46 | Build | Lumber Camp |
| 1:51 | Create | Villager (Male) |
| 1:51 | Create | Villager (Male) |
| 2:26 | Create | Villager (Male) |
| 2:26 | Create | Villager (Male) |
| 2:53 | Create | Villager (Male) |
| 2:54 | Create | Villager (Male) |
| 3:02 | Create | Villager (Male) |
| 3:03 | Create | Villager (Male) |
| 3:09 | Build | House |
| 3:10 | Build | House |
| 3:35 | Create | Villager (Male) |
| 3:36 | Create | Villager (Male) |
| 4:18 | Create | Villager (Male) |
| 4:19 | Create | Villager (Male) |
| 4:39 | Create | Villager (Male) |
| 4:39 | Create | Villager (Male) |
| 5:06 | Create | Villager (Male) |
| 5:07 | Create | Villager (Male) |
| 5:29 | Create | Villager (Male) |
| 5:29 | Create | Villager (Male) |
| 5:30 | Create | Villager (Male) |
| 5:30 | Create | Villager (Male) |
| 6:09 | Create | Villager (Male) |
| 6:43 | Create | Villager (Male) |
| 6:51 | Build | Mill |
| 7:15 | Create | Villager (Male) |
| 7:34 | Build | Farm |
| 7:50 | Create | Villager (Male) |
| 7:50 | Create | Villager (Male) |
| 7:50 | Create | Villager (Male) |
| 7:54 | Build | Mining Camp |
| 9:08 | Research | Feudal Age |
| 9:09 | Research | Feudal Age |
| 10:00 | Create | Villager (Male) |
| 10:00 | Create | Villager (Male) |
| 10:16 | Build | House |
| 10:55 | Build | Farm |
| 11:18 | Age | Feudal Age |
| 11:21 | Build | Market |
| 11:24 | Build | Blacksmith |
| 12:10 | Research | Castle Age |
| 12:10 | Research | Castle Age |
| 12:42 | Research | Double-Bit Axe |
| 12:42 | Research | Double-Bit Axe |
| 13:05 | Research | Horse Collar |
| 13:05 | Research | Horse Collar |
| 13:40 | Create | Villager (Male) |
| 13:59 | Build | Mining Camp |
| 14:50 | Age | Castle Age |
| 14:51 | Build | Town Center |
| 14:52 | Research | Heavy Plow |
| 14:55 | Research | Bow Saw |
| 14:55 | Research | Bow Saw |
| 14:59 | Create | Villager (Male) |
| 15:04 | Build | Siege Workshop |
| 15:25 | Create | Villager (Male) |
| 15:27 | Build | Farm |
| 15:35 | Build | Farm |
| 15:37 | Build | Farm |
| 15:39 | Build | Farm |
| 16:13 | Create | Villager (Male) |
| 16:13 | Create | Villager (Male) |
| 16:13 | Create | Villager (Male) |
| 16:15 | Build | Farm |
| 16:30 | Build | Farm |
| 16:44 | Create | Villager (Male) |
| 16:44 | Create | Villager (Male) |
| 16:44 | Create | Villager (Male) |
| 16:44 | Create | Villager (Male) |
| 16:59 | Build | House |
| 17:00 | Create | Villager (Male) |
| 17:01 | Create | Villager (Male) |
| 17:12 | Create | Villager (Male) |
| 17:13 | Create | Villager (Male) |
| 17:21 | Create | Villager (Male) |
| 17:21 | Create | Villager (Male) |
| 17:23 | Research | Loom |
| 17:28 | Build | House |
| 17:30 | Build | House |
| 17:39 | Build | Farm |
| 17:41 | Build | Farm |
| 17:42 | Create | Villager (Male) |
| 17:42 | Create | Villager (Male) |
| 17:44 | Build | Farm |
| 17:56 | Create | Villager (Male) |
| 17:56 | Create | Villager (Male) |
| 18:10 | Create | Villager (Male) |
| 18:10 | Create | Villager (Male) |
| 18:20 | Build | Outpost |
| 18:31 | Create | Villager (Male) |
| 18:31 | Create | Villager (Male) |
| 18:35 | Build | Farm |
| 18:38 | Build | Farm |
| 18:40 | Build | Farm |
| 18:43 | Build | Farm |
| 18:43 | Create | Villager (Male) |
| 18:43 | Create | Villager (Male) |
| 18:55 | Build | House |
| 18:57 | Create | Villager (Male) |
| 18:57 | Create | Villager (Male) |
| 19:07 | Create | Villager (Male) |
| 19:07 | Create | Villager (Male) |
| 19:12 | Build | Castle |
| 19:20 | Build | Outpost |
| 19:31 | Create | Villager (Male) |
| 19:32 | Create | Villager (Male) |
| 19:37 | Create | Villager (Male) |
| 19:37 | Create | Villager (Male) |
| 19:58 | Create | Villager (Male) |
| 19:58 | Create | Villager (Male) |
| 19:58 | Create | Villager (Male) |
| 20:13 | Build | Outpost |
| 20:14 | Create | Villager (Male) |
| 20:14 | Create | Villager (Male) |
| 20:16 | Build | Monastery |
| 20:21 | Create | Villager (Male) |
| 20:21 | Create | Villager (Male) |
| 20:25 | Build | University |
| 20:30 | Build | House |
| 20:32 | Build | House |
| 20:38 | Create | Villager (Male) |
| 20:39 | Create | Villager (Male) |
| 20:50 | Build | Town Center |
| 20:55 | Create | Villager (Male) |
| 20:56 | Create | Villager (Male) |
| 21:06 | Create | Villager (Male) |
| 21:06 | Create | Villager (Male) |
| 21:12 | Build | Farm |
| 21:14 | Build | Farm |
| 21:17 | Build | Farm |
| 21:19 | Build | Farm |
| 21:21 | Build | Farm |
| 21:25 | Build | Farm |
| 21:27 | Build | Farm |
| 21:39 | Build | Outpost |
| 21:42 | Research | Wheelbarrow |
| 21:45 | Build | Farm |
| 21:49 | Build | Farm |
| 21:51 | Create | Villager (Male) |
| 21:51 | Create | Villager (Male) |
| 22:00 | Create | Villager (Male) |
| 22:00 | Create | Villager (Male) |
| 22:10 | Create | Monk |
| 22:10 | Create | Villager (Male) |
Build order — super dark
First 150 of 598 actions detected
| 0:00 | Create | Villager (Male) |
| 0:00 | Create | Villager (Male) |
| 0:01 | Create | Villager (Male) |
| 0:01 | Create | Villager (Male) |
| 0:01 | Create | Villager (Male) |
| 0:04 | Build | House |
| 0:06 | Build | House |
| 1:40 | Create | Villager (Male) |
| 1:40 | Create | Villager (Male) |
| 1:59 | Build | Lumber Camp |
| 2:03 | Create | Villager (Male) |
| 2:04 | Create | Villager (Male) |
| 2:08 | Create | Villager (Male) |
| 2:38 | Create | Villager (Male) |
| 2:38 | Create | Villager (Male) |
| 3:14 | Create | Villager (Male) |
| 3:33 | Build | Mill |
| 3:44 | Create | Villager (Male) |
| 3:45 | Create | Villager (Male) |
| 4:07 | Create | Villager (Male) |
| 4:08 | Create | Villager (Male) |
| 4:32 | Create | Villager (Male) |
| 4:32 | Create | Villager (Male) |
| 4:39 | Build | House |
| 5:17 | Create | Villager (Male) |
| 5:17 | Create | Villager (Male) |
| 5:29 | Build | House |
| 5:33 | Build | House |
| 5:42 | Create | Villager (Male) |
| 5:51 | Create | Villager (Male) |
| 6:22 | Create | Villager (Male) |
| 6:55 | Create | Villager (Male) |
| 7:27 | Create | Villager (Male) |
| 7:28 | Create | Villager (Male) |
| 7:28 | Create | Villager (Male) |
| 8:30 | Create | Villager (Male) |
| 8:33 | Create | Villager (Male) |
| 9:17 | Build | Mining Camp |
| 9:20 | Research | Feudal Age |
| 10:18 | Build | Farm |
| 11:06 | Create | Villager (Male) |
| 11:06 | Create | Villager (Male) |
| 11:47 | Age | Feudal Age |
| 11:49 | Build | Market |
| 11:52 | Build | Blacksmith |
| 12:39 | Research | Castle Age |
| 12:51 | Research | Double-Bit Axe |
| 12:53 | Research | Horse Collar |
| 13:31 | Build | House |
| 13:34 | Build | House |
| 13:51 | Build | Farm |
| 13:52 | Build | Farm |
| 13:53 | Build | Farm |
| 14:15 | Create | Villager (Male) |
| 14:15 | Create | Villager (Male) |
| 14:35 | Build | House |
| 14:38 | Build | House |
| 14:48 | Build | Farm |
| 14:55 | Build | Farm |
| 15:03 | Build | Farm |
| 15:06 | Build | Farm |
| 15:18 | Age | Castle Age |
| 15:24 | Build | Town Center |
| 15:25 | Create | Villager (Male) |
| 15:29 | Build | Town Center |
| 15:30 | Create | Villager (Male) |
| 15:41 | Create | Villager (Male) |
| 15:46 | Create | Villager (Male) |
| 15:57 | Research | Bow Saw |
| 16:01 | Create | Villager (Male) |
| 16:07 | Create | Villager (Male) |
| 16:16 | Create | Villager (Male) |
| 16:35 | Create | Villager (Male) |
| 16:35 | Create | Villager (Male) |
| 16:36 | Create | Villager (Male) |
| 16:36 | Create | Villager (Male) |
| 16:37 | Create | Villager (Male) |
| 16:55 | Create | Villager (Male) |
| 16:57 | Build | Farm |
| 16:57 | Build | Farm |
| 16:58 | Build | Farm |
| 17:04 | Build | Farm |
| 17:06 | Build | Farm |
| 17:16 | Build | Farm |
| 17:25 | Create | Villager (Male) |
| 17:25 | Create | Villager (Male) |
| 17:30 | Build | Farm |
| 17:40 | Create | Villager (Male) |
| 17:53 | Build | Farm |
| 17:55 | Build | Farm |
| 17:56 | Build | Farm |
| 18:04 | Create | Villager (Male) |
| 18:07 | Create | Villager (Male) |
| 18:14 | Build | House |
| 18:16 | Build | House |
| 18:17 | Create | Villager (Male) |
| 18:29 | Build | Farm |
| 18:35 | Build | Farm |
| 18:36 | Create | Villager (Male) |
| 18:40 | Create | Villager (Male) |
| 18:48 | Build | Farm |
| 18:49 | Build | Farm |
| 18:55 | Build | Farm |
| 18:55 | Create | Villager (Male) |
| 19:07 | Build | Farm |
| 19:08 | Build | Farm |
| 19:11 | Create | Villager (Male) |
| 19:13 | Build | House |
| 19:14 | Create | Villager (Male) |
| 19:26 | Create | Villager (Male) |
| 19:36 | Create | Villager (Male) |
| 19:36 | Create | Villager (Male) |
| 19:47 | Create | Villager (Male) |
| 19:47 | Create | Villager (Male) |
| 19:59 | Build | Monastery |
| 20:04 | Build | University |
| 20:04 | Create | Villager (Male) |
| 20:05 | Create | Villager (Male) |
| 20:09 | Create | Villager (Male) |
| 20:12 | Create | Villager (Male) |
| 20:13 | Create | Villager (Male) |
| 20:22 | Build | Farm |
| 20:23 | Create | Villager (Male) |
| 20:36 | Build | Barracks |
| 20:37 | Create | Villager (Male) |
| 20:40 | Create | Villager (Male) |
| 20:45 | Create | Villager (Male) |
| 20:46 | Create | Villager (Male) |
| 20:52 | Create | Villager (Male) |
| 20:58 | Create | Villager (Male) |
| 21:04 | Create | Villager (Male) |
| 21:08 | Build | Farm |
| 21:16 | Create | Villager (Male) |
| 21:24 | Create | Villager (Male) |
| 21:35 | Build | Farm |
| 21:36 | Build | Farm |
| 21:39 | Build | Farm |
| 21:40 | Build | Farm |
| 21:41 | Create | Villager (Male) |
| 21:45 | Build | House |
| 21:46 | Build | House |
| 21:47 | Build | House |
| 21:54 | Create | Villager (Male) |
| 21:55 | Create | Villager (Male) |
| 22:03 | Build | House |
| 22:06 | Build | House |
| 22:07 | Create | Villager (Male) |
| 22:10 | Create | Villager (Male) |
| 22:10 | Create | Villager (Male) |
| 22:14 | Research | Wheelbarrow |
Build order — S K Y
First 150 of 667 actions detected
| 0:01 | Create | Villager (Male) |
| 0:01 | Create | Villager (Male) |
| 0:02 | Create | Villager (Male) |
| 0:03 | Build | House |
| 0:05 | Build | House |
| 0:08 | Create | Villager (Male) |
| 0:08 | Create | Villager (Male) |
| 0:08 | Create | Villager (Male) |
| 1:29 | Create | Villager (Male) |
| 1:29 | Create | Villager (Male) |
| 1:40 | Build | Lumber Camp |
| 1:52 | Create | Villager (Male) |
| 1:53 | Create | Villager (Male) |
| 2:23 | Create | Villager (Male) |
| 2:47 | Create | Villager (Male) |
| 2:47 | Create | Villager (Male) |
| 2:48 | Create | Villager (Male) |
| 3:42 | Create | Villager (Male) |
| 3:42 | Create | Villager (Male) |
| 3:42 | Create | Villager (Male) |
| 3:44 | Build | House |
| 3:52 | Build | House |
| 3:53 | Build | House |
| 3:55 | Build | House |
| 4:03 | Create | Villager (Male) |
| 4:03 | Create | Villager (Male) |
| 4:44 | Create | Villager (Male) |
| 4:44 | Create | Villager (Male) |
| 4:45 | Create | Villager (Male) |
| 5:21 | Build | Mill |
| 5:26 | Create | Villager (Male) |
| 5:26 | Create | Villager (Male) |
| 6:02 | Create | Villager (Male) |
| 6:02 | Create | Villager (Male) |
| 6:03 | Create | Villager (Male) |
| 6:03 | Create | Villager (Male) |
| 6:20 | Create | Villager (Male) |
| 6:20 | Create | Villager (Male) |
| 6:31 | Build | Mill |
| 6:43 | Build | Farm |
| 6:45 | Build | Farm |
| 6:47 | Create | Villager (Male) |
| 6:47 | Create | Villager (Male) |
| 6:48 | Create | Villager (Male) |
| 7:00 | Build | Farm |
| 8:11 | Build | Mining Camp |
| 8:33 | Research | Feudal Age |
| 8:33 | Research | Feudal Age |
| 9:07 | Create | Villager (Male) |
| 9:08 | Create | Villager (Male) |
| 10:37 | Age | Feudal Age |
| 10:43 | Build | Blacksmith |
| 11:00 | Build | Market |
| 11:39 | Research | Castle Age |
| 11:40 | Research | Castle Age |
| 12:19 | Research | Double-Bit Axe |
| 12:20 | Research | Double-Bit Axe |
| 13:52 | Research | Horse Collar |
| 14:05 | Age | Castle Age |
| 14:15 | Build | Town Center |
| 14:25 | Create | Villager (Male) |
| 14:25 | Create | Villager (Male) |
| 14:31 | Research | Heavy Plow |
| 14:38 | Research | Bow Saw |
| 14:44 | Research | Heavy Plow |
| 15:19 | Build | Town Center |
| 15:23 | Create | Villager (Male) |
| 15:28 | Build | Farm |
| 15:40 | Build | Farm |
| 15:42 | Create | Villager (Male) |
| 15:55 | Build | Farm |
| 15:59 | Create | Villager (Male) |
| 16:01 | Create | Villager (Male) |
| 16:07 | Build | Farm |
| 16:16 | Create | Villager (Male) |
| 16:24 | Build | Farm |
| 16:31 | Build | Farm |
| 16:50 | Build | Farm |
| 16:54 | Build | Farm |
| 16:56 | Build | Farm |
| 17:05 | Create | Villager (Male) |
| 17:05 | Create | Villager (Male) |
| 17:06 | Create | Villager (Male) |
| 17:07 | Create | Villager (Male) |
| 17:13 | Build | Farm |
| 17:13 | Build | Farm |
| 17:14 | Build | Farm |
| 17:24 | Build | Farm |
| 17:32 | Create | Villager (Male) |
| 17:32 | Create | Villager (Male) |
| 17:32 | Create | Villager (Male) |
| 17:36 | Build | Farm |
| 17:40 | Build | Farm |
| 17:48 | Create | Villager (Male) |
| 17:48 | Create | Villager (Male) |
| 17:53 | Build | Farm |
| 17:56 | Build | Farm |
| 18:01 | Build | Farm |
| 18:08 | Build | Farm |
| 18:13 | Create | Villager (Male) |
| 18:13 | Create | Villager (Male) |
| 18:13 | Create | Villager (Male) |
| 18:14 | Create | Villager (Male) |
| 18:15 | Create | Villager (Male) |
| 18:16 | Create | Villager (Male) |
| 18:16 | Create | Villager (Male) |
| 18:20 | Build | Farm |
| 18:31 | Build | Farm |
| 18:39 | Create | Villager (Male) |
| 18:39 | Create | Villager (Male) |
| 18:39 | Create | Villager (Male) |
| 18:40 | Create | Villager (Male) |
| 18:40 | Create | Villager (Male) |
| 18:46 | Build | Farm |
| 18:53 | Build | House |
| 18:54 | Build | House |
| 18:55 | Build | House |
| 18:55 | Build | House |
| 18:56 | Build | House |
| 19:01 | Create | Villager (Male) |
| 19:01 | Create | Villager (Male) |
| 19:02 | Create | Villager (Male) |
| 19:03 | Create | Villager (Male) |
| 19:04 | Create | Villager (Male) |
| 19:04 | Create | Villager (Male) |
| 19:04 | Create | Villager (Male) |
| 19:12 | Build | Farm |
| 19:16 | Research | Loom |
| 19:21 | Research | Town Watch |
| 19:31 | Build | Farm |
| 19:33 | Create | Villager (Male) |
| 19:33 | Create | Villager (Male) |
| 19:33 | Create | Villager (Male) |
| 19:36 | Create | Villager (Male) |
| 19:39 | Build | Farm |
| 19:42 | Build | Farm |
| 19:45 | Build | Farm |
| 19:47 | Create | Villager (Male) |
| 19:47 | Create | Villager (Male) |
| 19:49 | Create | Villager (Male) |
| 19:50 | Create | Villager (Male) |
| 20:02 | Build | Farm |
| 20:05 | Create | Villager (Male) |
| 20:06 | Create | Villager (Male) |
| 20:07 | Create | Villager (Male) |
| 20:08 | Create | Villager (Male) |
| 20:10 | Create | Villager (Male) |
| 20:10 | Create | Villager (Male) |
| 20:14 | Build | House |
| 20:14 | Build | House |
Match timeline
| 10:31 | Carter Mc · age_up feudal |
| 10:33 | Lord BELO · age_up feudal |
| 10:37 | S K Y · age_up feudal |
| 11:18 | TIRA-ONDA · age_up feudal |
| 11:36 | Ezeky · age_up feudal |
| 11:46 | SoldierBoy · age_up feudal |
| 11:47 | super dark · age_up feudal |
| 12:24 | vivero · age_up feudal |
| 12:51 | SoldierBoy · first_market_sell 100 wood |
| 14:05 | S K Y · age_up castle |
| 14:10 | Lord BELO · age_up castle |
| 14:21 | S K Y · first_market_sell 500 food |
| 14:22 | S K Y · first_market_buy 100 wood |
| 14:50 | TIRA-ONDA · age_up castle |
| 15:04 | TIRA-ONDA · first_building Siege Workshop |
| 15:18 | Ezeky · age_up castle |
| 15:18 | super dark · age_up castle |
| 15:33 | Carter Mc · age_up castle |
| 15:34 | SoldierBoy · age_up castle |
| 15:43 | Lord BELO · first_building Castle |
| 15:56 | vivero · age_up castle |
| 17:19 | Carter Mc · first_building Monastery |
| 17:57 | SoldierBoy · first_building Monastery |
| 18:51 | Ezeky · first_market_buy 100 stone |
| 19:12 | TIRA-ONDA · first_building Castle |
| 19:28 | Lord BELO · first_building Monastery |
| 19:59 | super dark · first_building Monastery |
| 20:16 | TIRA-ONDA · first_building Monastery |
| 20:36 | super dark · first_building Barracks |
| 21:13 | SoldierBoy · first_building Siege Workshop |
| 21:28 | vivero · first_building Castle |
| 22:54 | Ezeky · first_building Barracks |
| 23:07 | Lord BELO · first_building Siege Workshop |
| 23:17 | super dark · first_building Castle |
| 23:40 | vivero · first_building Siege Workshop |
| 23:48 | TIRA-ONDA · wall_segment Palisade Wall x1 |
| 23:49 | TIRA-ONDA · wall_segment Palisade Wall x1 |
| 24:10 | Ezeky · first_building Archery Range |
| 24:43 | super dark · first_market_sell 100 wood |
| 24:59 | TIRA-ONDA · wall_segment Palisade Wall x1 |
| 25:00 | TIRA-ONDA · wall_segment Palisade Wall x1 |
| 25:02 | TIRA-ONDA · wall_segment Palisade Wall x1 |
| 25:39 | vivero · first_building Barracks |
| 25:50 | TIRA-ONDA · first_market_sell 500 wood |
| 25:50 | S K Y · first_building Monastery |
| 26:06 | TIRA-ONDA · wall_segment Palisade Wall x1 |
| 26:11 | vivero · first_building Stable |
| 26:12 | Carter Mc · first_market_sell 500 wood |
| 26:13 | TIRA-ONDA · wall_segment Palisade Wall x1 |
| 26:14 | TIRA-ONDA · wall_segment Palisade Wall x1 |
| 26:15 | TIRA-ONDA · wall_segment Palisade Wall x1 |
| 26:35 | vivero · first_market_buy 100 food |
| 26:37 | Carter Mc · first_building Barracks |
| 27:30 | Carter Mc · first_building Stable |
| 27:36 | TIRA-ONDA · first_building Barracks |
| 27:48 | S K Y · first_building Barracks |
| 27:50 | SoldierBoy · first_building Barracks |
| 27:52 | super dark · first_building Siege Workshop |
| 27:54 | super dark · age_up imperial |
| 28:31 | S K Y · first_building Stable |
| 28:44 | Lord BELO · first_market_sell 100 stone |
| 29:05 | SoldierBoy · first_building Archery Range |
| 29:40 | Carter Mc · first_building Siege Workshop |
| 29:40 | TIRA-ONDA · age_up imperial |
| 29:43 | Ezeky · first_building Monastery |
| 29:52 | vivero · age_up imperial |
| 30:03 | Carter Mc · age_up imperial |
| 30:03 | S K Y · age_up imperial |
| 30:04 | Ezeky · first_building Castle |
| 30:45 | TIRA-ONDA · wall_segment Stone Wall x1 |
| 30:53 | S K Y · first_building Castle |
| 30:58 | TIRA-ONDA · wall_segment Stone Wall x1 |
| 30:58 | TIRA-ONDA · wall_segment Stone Wall x1 |
| 30:59 | TIRA-ONDA · wall_segment Stone Wall x7 |
| 31:18 | SoldierBoy · age_up imperial |
| 31:37 | Lord BELO · first_market_buy 100 wood |
| 31:42 | Lord BELO · first_building Barracks |
| 31:46 | SoldierBoy · first_market_buy 100 food |
| 31:57 | Carter Mc · first_building Castle |
| 32:03 | TIRA-ONDA · wall_segment Stone Wall x4 |
| 32:16 | TIRA-ONDA · wall_segment Stone Wall x1 |
| 32:17 | TIRA-ONDA · wall_segment Stone Wall x1 |
| 33:03 | Lord BELO · age_up imperial |
| 33:04 | Ezeky · first_building Stable |
| 33:21 | SoldierBoy · first_building Castle |
| 33:30 | S K Y · tribute_sent a jugador 1 |
| 33:30 | S K Y · tribute_sent a jugador 2 |
| 33:30 | S K Y · tribute_sent a jugador 3 |
| 33:30 | S K Y · tribute_sent a jugador 4 |
| 33:30 | S K Y · tribute_sent a jugador 5 |
| 33:30 | S K Y · tribute_sent a jugador 6 |
| 33:30 | S K Y · tribute_sent a jugador 7 |
| 33:43 | Ezeky · age_up imperial |
| 36:17 | TIRA-ONDA · wall_segment Stone Wall x1 |
| 36:36 | TIRA-ONDA · wall_segment Stone Wall x3 |
| 42:38 | super dark · first_building Archery Range |
| 42:49 | S K Y · first_building Archery Range |
| 43:56 | S K Y · tribute_sent a jugador 1 |
| 43:56 | S K Y · tribute_sent a jugador 2 |
| 43:56 | S K Y · tribute_sent a jugador 3 |
| 43:56 | S K Y · tribute_sent a jugador 4 |
| 43:56 | S K Y · tribute_sent a jugador 5 |
| 43:56 | S K Y · tribute_sent a jugador 6 |
| 43:56 | S K Y · tribute_sent a jugador 7 |
| 46:20 | vivero · tribute_sent a jugador 1 |
| 46:20 | vivero · tribute_sent a jugador 2 |
| 46:20 | vivero · tribute_sent a jugador 3 |
| 46:20 | vivero · tribute_sent a jugador 4 |
| 46:20 | vivero · tribute_sent a jugador 6 |
| 46:20 | vivero · tribute_sent a jugador 7 |
| 46:20 | vivero · tribute_sent a jugador 8 |
| 46:26 | Ezeky · first_market_sell 500 food |
| 47:31 | Carter Mc · first_building Archery Range |
| 48:25 | SoldierBoy · tribute_sent a jugador 1 |
| 48:25 | SoldierBoy · tribute_sent a jugador 2 |
| 48:25 | SoldierBoy · tribute_sent a jugador 4 |
| 48:25 | SoldierBoy · tribute_sent a jugador 5 |
| 48:25 | SoldierBoy · tribute_sent a jugador 6 |
| 48:25 | SoldierBoy · tribute_sent a jugador 7 |
| 48:25 | SoldierBoy · tribute_sent a jugador 8 |
| 48:45 | TIRA-ONDA · wall_segment Stone Wall x1 |
| 49:25 | super dark · wall_segment Stone Wall x19 |
| 50:02 | TIRA-ONDA · tribute_sent a jugador 1 |
| 50:02 | TIRA-ONDA · tribute_sent a jugador 2 |
| 50:02 | TIRA-ONDA · tribute_sent a jugador 3 |
| 50:02 | TIRA-ONDA · tribute_sent a jugador 4 |
| 50:02 | TIRA-ONDA · tribute_sent a jugador 5 |
| 50:02 | TIRA-ONDA · tribute_sent a jugador 7 |
| 50:02 | TIRA-ONDA · tribute_sent a jugador 8 |
| 50:21 | TIRA-ONDA · tribute_sent a jugador 1 |
| 50:21 | TIRA-ONDA · tribute_sent a jugador 2 |
| 50:21 | TIRA-ONDA · tribute_sent a jugador 3 |
| 50:21 | TIRA-ONDA · tribute_sent a jugador 4 |
| 50:21 | TIRA-ONDA · tribute_sent a jugador 5 |
| 50:21 | TIRA-ONDA · tribute_sent a jugador 7 |
| 50:21 | TIRA-ONDA · tribute_sent a jugador 8 |
| 50:36 | super dark · first_building Stable |
| 50:47 | Lord BELO · first_building Archery Range |
| 52:39 | SoldierBoy · tribute_sent a jugador 1 |
| 52:39 | SoldierBoy · tribute_sent a jugador 2 |
| 52:39 | SoldierBoy · tribute_sent a jugador 4 |
| 52:39 | SoldierBoy · tribute_sent a jugador 5 |
| 52:39 | SoldierBoy · tribute_sent a jugador 6 |
| 52:39 | SoldierBoy · tribute_sent a jugador 7 |
| 52:39 | SoldierBoy · tribute_sent a jugador 8 |
| 53:51 | SoldierBoy · wall_segment Stone Wall x2 |
| 54:58 | SoldierBoy · tribute_sent a jugador 1 |
| 54:58 | SoldierBoy · tribute_sent a jugador 2 |
| 54:58 | SoldierBoy · tribute_sent a jugador 4 |
| 54:58 | SoldierBoy · tribute_sent a jugador 5 |
| 54:58 | SoldierBoy · tribute_sent a jugador 6 |
| 54:58 | SoldierBoy · tribute_sent a jugador 7 |
| 54:58 | SoldierBoy · tribute_sent a jugador 8 |
| 55:46 | TIRA-ONDA · tribute_sent a jugador 1 |
| 55:46 | TIRA-ONDA · tribute_sent a jugador 2 |
| 55:46 | TIRA-ONDA · tribute_sent a jugador 3 |
| 55:46 | TIRA-ONDA · tribute_sent a jugador 4 |
| 55:46 | TIRA-ONDA · tribute_sent a jugador 5 |
| 55:46 | TIRA-ONDA · tribute_sent a jugador 7 |
| 55:46 | TIRA-ONDA · tribute_sent a jugador 8 |
| 56:56 | TIRA-ONDA · first_building Archery Range |
| 57:33 | TIRA-ONDA · tribute_sent a jugador 1 |
| 57:33 | TIRA-ONDA · tribute_sent a jugador 2 |
| 57:33 | TIRA-ONDA · tribute_sent a jugador 3 |
| 57:33 | TIRA-ONDA · tribute_sent a jugador 4 |
| 57:33 | TIRA-ONDA · tribute_sent a jugador 5 |
| 57:33 | TIRA-ONDA · tribute_sent a jugador 7 |
| 57:33 | TIRA-ONDA · tribute_sent a jugador 8 |
| 58:42 | TIRA-ONDA · resign |
[ AI ANALYSIS · 1 CREDIT ]
What really happened in this match?
Wolo.gg analyzes every decision: build order, eco, micro, common mistakes by bracket. Personalized analysis on WhatsApp or Discord in 30 seconds.
Civ guide
Gurjaras
Perfil
Jugador #6432870